 Dungeon Crawl Stone Soup version 0.28-a0-751-gef3a642a4e (webtiles) character file.

Game seed: 4525398755065582263

815 Gargoyl the Skirmisher (level 7, -3/60 HPs)
             Began as a Gnoll Abyssal Knight on Oct 30, 2021.
             Was a Priest of Lugonu.
             Slain by Grinder (4 damage)
             ... while paralysed by Grinder
             ... on level 4 of the Dungeon.
             The game lasted 00:06:52 (5385 turns).

Gargoyl the Skirmisher (Gnoll Abyssal Knight)       Turns: 5385, Time: 00:06:52

Health: -3/60      AC:  9    Str: 15    XL:     7   Next: 94%
Magic:  10/10      EV:  2    Int:  9    God:    Lugonu [***...]
Gold:   175        SH:  0    Dex: 12    Spells: 11/11 levels left

rFire   . . .      SeeInvis .   a - +2 hand axe (vorpal)
rCold   . . .      Faith    .   (no shield)
rNeg    . . .      Spirit   .   h - +0 plate armour
rPois   .          Reflect  .   (no helmet)
rElec   .          Harm     .   (no cloak)
rCorr   .          Rampage  .   (no gloves)
Will    .....                   c - +1 pair of boots
Stlth   ..........              (no amulet)
HPRegen 0.20/turn               (no ring)
MPRegen 0.12/turn               (no ring)

@: paralysed
A: fangs 1, strong nose, distributed training, deformed body, low mp 1, passive
freeze
a: Renounce Religion, Depart the Abyss, Bend Space, Banish


You were on level 4 of the Dungeon.
You worshipped Lugonu.
Lugonu was most pleased with you.
You visited 1 branch of the dungeon, and saw 4 of its levels.
You visited the Abyss 1 time.
You also visited: Sewer.

You collected 175 gold pieces.

Inventory:

Hand Weapons
 a - a +2 vorpal hand axe (weapon)
 e - a +0 war axe
Missiles
 j - 36 poisoned darts (quivered)
Armour
 c - a +1 pair of boots (worn)
 h - a +0 plate armour (worn)
Jewellery
 v - a ring of magical power
Wands
 i - a wand of polymorph (7)
 t - a wand of acid (11)
Scrolls
 d - 3 scrolls of identify
 k - a scroll of magic mapping
 n - 2 scrolls of teleportation
 r - 4 scrolls of fear
 s - a scroll of brand weapon
 u - a scroll of silence {unknown}
Potions
 b - 2 potions of invisibility {unknown}
 f - 4 potions of cancellation
 g - 3 potions of haste
 l - a potion of flight
 m - a potion of ambrosia {unknown}
 o - 2 potions of might {unknown}
 p - a potion of lignification {unknown}
 q - a potion of degeneration {unknown}
 w - a potion of magic {unknown}
 x - a potion of curing


   Skills:
 + Level 7.1 Fighting
 + Level 2.8 Short Blades
 + Level 2.8 Long Blades
 + Level 5.4 Axes
 + Level 2.8 Maces & Flails
 + Level 2.8 Polearms
 + Level 2.8 Staves
 + Level 2.8 Slings
 + Level 2.8 Bows
 + Level 2.8 Crossbows
 + Level 2.8 Throwing
 + Level 5.4 Armour
 + Level 3.8 Dodging
 + Level 2.8 Stealth
 + Level 2.8 Shields
 + Level 2.8 Unarmed Combat
 + Level 2.8 Spellcasting
 + Level 2.2 Conjurations
 + Level 2.2 Hexes
 + Level 2.2 Summonings
 + Level 2.2 Necromancy
 + Level 2.2 Translocations
 + Level 2.2 Transmutations
 + Level 2.2 Fire Magic
 + Level 2.2 Ice Magic
 + Level 2.2 Air Magic
 + Level 2.2 Earth Magic
 + Level 2.2 Poison Magic
 + Level 5.6 Invocations
 + Level 2.8 Evocations


You had 11 spell levels left.
You didn't know any spells.
Your spell library contained the following spells:

 Spells                   Type           Power      Damage    Failure   Level
 Summon Small Mammal      Summ           20%        N/A       100%        1
 Ensorcelled Hibernation  Hex/Ice        10%        N/A       100%        2
 Passwall                 Tmut/Erth      4%         N/A       100%        2
 Call Canine Familiar     Summ           5%         N/A       100%        3
 Gell's Gravitas          Tloc           2%         N/A       100%        3
 Lesser Beckoning         Tloc           5%         N/A       100%        3
 Summon Guardian Golem    Hex/Summ       5%         N/A       100%        3
 Swiftness                Air            5%         N/A       100%        3
 Teleport Other           Tloc           5%         N/A       100%        3
 Tukima's Dance           Hex            5%         N/A       100%        3
 Invisibility             Hex            2%         N/A       100%        6


Dungeon Overview and Level Annotations

Branches:
Dungeon (4/15)              Sewer (visited)
 Temple: D:4-7

Altars:

Shops:
D:2 (   D:3 :

Annotations:
D:4 Grinder


Innate Abilities, Weirdness & Mutations

You have very sharp teeth.
Your uncanny sense of smell can sniff out nearby items.
Your experience applies equally to all skills.
Armour fits poorly on your strangely shaped body.
Your magical capacity is low. (-10% MP)
A frigid envelope surrounds you and freezes all who hurt you.


Message History

You closely miss Grinder.
Grinder is lightly wounded.
Grinder hits you.
You writhe in agony.
Grinder completely resists.
Unknown command.
You hit Grinder but do no damage.
Grinder is lightly wounded.
Grinder gestures at you. Pain shoots through your body!
Unknown command.
You hit Grinder.
Grinder is moderately wounded.
Grinder hits you.
You writhe in agony.
You barely miss Grinder.
Grinder is moderately wounded.
Grinder hits you but does no damage.
Grinder resists.
Grinder is very cold.
Grinder is moderately wounded.
Unknown command.
You closely miss Grinder.
Grinder is moderately wounded.
Grinder hits you!
You writhe in agony.
Grinder resists.
Grinder is very cold.
Grinder is moderately wounded.
Unknown command.
You closely miss Grinder.
Grinder is moderately wounded.
Grinder gestures at you.
You suddenly lose the ability to move!
Grinder gestures at you. Pain shoots through your body!
* * * LOW HITPOINT WARNING * * *
Grinder hits you.
* * * LOW HITPOINT WARNING * * *
You writhe in agony.
* * * LOW HITPOINT WARNING * * *
Grinder gestures at you. Pain shoots through your body!
* * * LOW HITPOINT WARNING * * *
Grinder hits you.
* * * LOW HITPOINT WARNING * * *
You writhe in agony.
You die...

####'#.# .......#
## # ##.....##
###.##.###.......##
#....#.##.........#
#.......'.........'
....# #.........#
#5.# #.......## #@#
##.....## ####.###
##...## #......#
##'## #......# #.#
#......# #.#
#......# ##.##
#......# #####)..##
##..##.#
#........###
#..##.#
#...........


You could see Grinder.

Vanquished Creatures
  Sigmund (D:2)
  2 bullfrogs (Sewer)
  2 hounds (D:4)
  A gnoll shaman (D:4)
  Ijyb (D:4)
  An iguana (D:4)
  An orc wizard (D:3)
  8 gnolls
  11 adders
  6 river rats
  4 worms
  A dart slug (D:1)
  11 orcs
  5 endoplasms
  6 giant cockroaches
  4 goblins
  10 hobgoblins
  3 quokkas
  15 ball pythons
  3 bats
  6 frilled lizards
  6 kobolds
  32 rats
140 creatures vanquished.

Vanquished Creatures (others)
  4 plants (D:1)
  4 withered plants (D:1)
8 creatures vanquished.

Grand Total: 148 creatures vanquished

Notes
Turn   | Place    | Note
-------+----------+-------------------------------------------
     0 | Abyss:1  | Gargoyl the Gnoll Abyssal Knight began the quest for the
                  | Orb.
     0 | Abyss:1  | Reached XP level 1. HP: 23/23 MP: 3/3
    61 | Abyss:1  | Found a sparkling altar of Nemelex Xobeh.
    65 | Abyss:1  | Noticed a rakshasa
   110 | Abyss:2  | Found a corrupted altar of Lugonu.
   128 | Abyss:2  | Noticed a small abomination
   136 | Abyss:2  | Noticed a lich
   139 | D:1      | Escaped the Abyss
   271 | D:1      | Reached XP level 2. HP: 27/29 MP: 5/5
   273 | D:1      | Reached * piety under Lugonu
   313 | D:1      | Found a faded altar of an unknown god.
   786 | D:1      | Reached XP level 3. HP: 34/35 MP: 6/6
   996 | D:2      | Found Math's Antique Weapon Shop.
  1049 | D:2      | Noticed Sigmund
  1073 | D:2      | Killed Sigmund
  1074 | D:2      | Reached skill level 1 in Short Blades
  1074 | D:2      | Reached skill level 1 in Long Blades
  1074 | D:2      | Reached skill level 1 in Maces & Flails
  1074 | D:2      | Reached skill level 1 in Polearms
  1074 | D:2      | Reached skill level 1 in Staves
  1074 | D:2      | Reached skill level 1 in Slings
  1074 | D:2      | Reached skill level 1 in Bows
  1074 | D:2      | Reached skill level 1 in Crossbows
  1074 | D:2      | Reached skill level 1 in Throwing
  1074 | D:2      | Reached skill level 1 in Stealth
  1074 | D:2      | Reached skill level 1 in Shields
  1074 | D:2      | Reached skill level 1 in Unarmed Combat
  1074 | D:2      | Reached skill level 1 in Spellcasting
  1074 | D:2      | Reached skill level 1 in Conjurations
  1074 | D:2      | Reached skill level 1 in Hexes
  1074 | D:2      | Reached skill level 1 in Summonings
  1074 | D:2      | Reached skill level 1 in Necromancy
  1074 | D:2      | Reached skill level 1 in Translocations
  1074 | D:2      | Reached skill level 1 in Transmutations
  1074 | D:2      | Reached skill level 1 in Fire Magic
  1074 | D:2      | Reached skill level 1 in Ice Magic
  1074 | D:2      | Reached skill level 1 in Air Magic
  1074 | D:2      | Reached skill level 1 in Earth Magic
  1074 | D:2      | Reached skill level 1 in Poison Magic
  1074 | D:2      | Reached skill level 1 in Evocations
  1074 | D:2      | Reached XP level 4. HP: 9/41 MP: 7/7
  1074 | D:2      | Reached XP level 5. HP: 11/47 MP: 8/8
  1413 | D:2      | Reached skill level 5 in Invocations
  1425 | D:2      | Reached XP level 6. HP: 26/53 MP: 9/9
  2492 | D:3      | Reached ** piety under Lugonu
  2676 | D:3      | Reached skill level 5 in Axes
  2676 | D:3      | Reached skill level 5 in Armour
  2700 | D:3      | Found a glowing drain.
  2708 | Sewer    | Entered a sewer
  3399 | Sewer    | Reached *** piety under Lugonu
  3403 | Sewer    | Gained mutation: You are frail. (-10% HP) [potion of
                  | mutation]
  3403 | Sewer    | Gained mutation: A frigid envelope surrounds you and
                  | freezes all who hurt you. [potion of mutation]
  3403 | Sewer    | Gained mutation: Armour fits poorly on your strangely
                  | shaped body. [potion of mutation]
  3754 | Sewer    | Reached skill level 7 in Fighting
  3754 | Sewer    | Reached XP level 7. HP: 53/54 MP: 10/10
  4273 | D:3      | Found Xeteizesch's Book Emporium.
  4765 | D:4      | Noticed Ijyb
  4771 | D:4      | Killed Ijyb
  5006 | D:4      | Lost mutation: You are frail. (-10% HP) [potion of
                  | mutation]
  5006 | D:4      | Gained mutation: Your magical capacity is low. (-10% MP)
                  | [potion of mutation]
  5370 | D:4      | Noticed Grinder
  5373 | D:4      | Paralysed by Grinder for 2 turns
  5381 | D:4      | Paralysed by Grinder for 5 turns
  5384 | D:4      | HP: 2/60 [Grinder/nerve-wracking pain (10)]
  5385 | D:4      | Slain by Grinder

Illustrated notes

Levels and vault maps discovered:
D:1:      minmay_arrival_checkered_box, layout_rooms,
          shapermc_ecumenical_altar_flowoftime
D:2:      layout_loops_corners, serial_shops, nicolae_shop_crystal,
          chequers_mini_garden, chequers_serial_rivers_micro_a,
          minmay_pentomino_x4, uniq_sigmund
D:3:      layout_rooms, lightli_sewer_entry_pipes, serial_shops, shop
D:4:      layout_loops_corners, uniq_ijyb, uniq_grinder

Skill      XL: |  1  2  3  4  5  6  7 |
---------------+----------------------+-----
Short Blades   | 1 2 |  2.8
Long Blades    | 1 2 |  2.8
Maces & Flails | 1 2 |  2.8
Polearms       | 1 2 |  2.8
Staves         | 1 2 |  2.8
Slings         | 1 2 |  2.8
Bows           | 1 2 |  2.8
Crossbows      | 1 2 |  2.8
Throwing       | 1 2 |  2.8
Dodging        | 3 |  3.8
Stealth        | 1 2 |  2.8
Shields        | 1 2 |  2.8
Unarmed Combat | 1 2 |  2.8
Spellcasting   | 1 2 |  2.8
Conjurations   | 1 2 |  2.2
Hexes          | 1 2 |  2.2
Summonings     | 1 2 |  2.2
Necromancy     | 1 2 |  2.2
Translocations | 1 2 |  2.2
Transmutations | 1 2 |  2.2
Fire Magic     | 1 2 |  2.2
Ice Magic      | 1 2 |  2.2
Air Magic      | 1 2 |  2.2
Earth Magic    | 1 2 |  2.2
Poison Magic   | 1 2 |  2.2
Evocations     | 1 2 |  2.8
Invocations    | 5 |  5.6
Axes           | 5 |  5.4
Armour         | 5 |  5.4
Fighting       | 7 |  7.1

Action                   |  1- 3 |  4- 6 |  7- 9 || total
-------------------------+-------+-------+-------++-------
Melee: Hand axe          |    86 |   253 |    55 ||   394
       Bite              |     6 |    20 |     4 ||    30
       Punch             |       |     1 |     1 ||     2
Throw: Dart              |       |     8 |       ||     8
Invok: Depart the Abyss  |     1 |       |       ||     1
       Bend Space        |       |     2 |       ||     2
  Use: Scroll            |     3 |     1 |     9 ||    13
       Potion            |     1 |     3 |     1 ||     5
Armor: Leather armour    |    10 |       |       ||    10
       Plate armour      |    40 |   240 |    41 ||   321
Dodge: Dodged            |    38 |    87 |    15 ||   140

Table legend: (Time is in decaauts)
 A = Elapsed time spent in this place.
 B = Non-inter-level travel time spent in this place.
 C = Inter-level travel time spent in this place.
 D = Time resting spent in this place.
 E = Time spent auto-exploring this place.
 F = Levels seen in this place.
 G = Mean time per level.
                   A        B        C        D        E       F      G
               +--------+--------+--------+--------+--------+-----+--------+
         Total |   5498 |   5413 |     85 |    545 |   3658 |   7 |  785.4 |
       Dungeon |   4096 |   4011 |     85 |    102 |   3086 |   4 | 1024.0 |
         Abyss |    138 |    138 |      0 |      0 |     67 |   2 |   69.0 |
         Sewer |   1263 |   1263 |      0 |    443 |    504 |   1 | 1263.0 |
               +--------+--------+--------+--------+--------+-----+--------+

Top non-repeatable levels by time:
     D:2: 1532 daAuts
   Sewer: 1263 daAuts
     D:4: 974 daAuts
     D:1: 799 daAuts
     D:3: 790 daAuts
 Abyss:1: 106 daAuts
 Abyss:2: 32 daAuts
